 Dungeon Crawl Stone Soup version 0.21-a0-26-g7b23a2f (webtiles) character file.

63491 grindst0ne the Nimble (level 14, -12/127 HPs)
             Began as a Pale Draconian Berserker on May 25, 2017.
             Was a High Priest of Trog.
             Mangled by Rupert
             ... wielding a +0 great mace of crushing
              (22 damage)
             ... on level 6 of the Lair of Beasts.
             The game lasted 00:57:29 (18713 turns).

grindst0ne the Nimble (Pale Draconian Berserker)   Turns: 18713, Time: 00:57:30

Health: -12/127    AC: 15    Str: 27    XL:     14   Next: 68%
Magic:  20/20      EV: 22    Int: 10    God:    Trog [*****.]
Gold:   967        SH:  0    Dex: 15    Spells: 13/13 levels left

rFire    x . .     SeeInvis .   e - +10 broad axe of Growth {speed, rC+ Str+2 Int+2}
rCold    + + +     Gourm    .   (no shield)
rNeg     + . .     Faith    +   (armour unavailable)
rPois    +         Spirit   .   a - +1 hat
rElec    .         Reflect  .   v - +1 cloak {MR+}
rCorr    +         Harm     .   C - +2 pair of gloves {Str+3}
MR       ++++.                  u - +0 pair of boots
Stlth    ++........             G - amulet "Lyciry" {Faith rPois rF- rC+ rN+}
Regen    0.4/turn               g - ring of protection from magic
MPRegen  0.2/turn               H - ring of resist corrosion

@: confused, berserk cooldown, slowed, very slow
A: breathe steam, unfitting armour, talons 1, camouflage 1, cold resistance 1,
magic resistance 1, sense surroundings 1, strong 1, no potion heal 1,
cold-blooded, AC +8
a: Breathe Steam, Berserk, Trog's Hand, Brothers in Arms, Burn Spellbooks,
Renounce Religion


You were on level 6 of the Lair of Beasts.
You worshipped Trog.
Trog was extremely pleased with you.
You were very hungry.

You visited 2 branches of the dungeon, and saw 16 of its levels.
You also visited: Labyrinth.

You collected 1219 gold pieces.
You spent 252 gold pieces at shops.

Inventory:

Hand Weapons
 e - the +10 broad axe of Growth (weapon) {speed, rC+ Str+2 Int+2}
   (Trog gifted it to you on level 6 of the Lair of Beasts)

   Attacks with this weapon are significantly faster.
   It affects your strength (+2).
   It affects your intelligence (+2).
   It protects you from cold.
 I - a +2 battleaxe of flaming
Armour
 a - a +1 hat (worn)
 u - a +0 pair of boots (worn)
 v - a +1 cloak of magic resistance (worn)
 C - a +2 pair of gloves of strength (worn)
Jewellery
 g - a ring of protection from magic (left hand)
 G - the amulet "Lyciry" (around neck) {Faith rPois rF- rC+ rN+}
   (You found it in a labyrinth)

   [amulet of faith]

   It allows you to gain divine favour quickly.
   It makes you vulnerable to fire.
   It protects you from cold.
   It protects you from poison.
   It protects you from negative energy.
 H - a ring of resist corrosion (right hand)
Wands
 c - a wand of paralysis (11/24)
 h - a wand of iceblast (4/15)
 t - a wand of flame (22/48)
 z - a wand of polymorph (13/24)
 E - a wand of lightning (5/15)
 K - a wand of acid (0/15)
 L - a wand of lightning (3/15)
Scrolls
 f - 3 scrolls of enchant weapon
 p - 8 scrolls of remove curse
 y - 6 scrolls of fear
 B - 5 scrolls of recharging
Potions
 d - 8 potions of curing
 i - a potion of might
 k - a potion of magic
 n - 2 potions of flight
 o - 3 potions of brilliance
 r - 3 potions of invisibility
 A - a potion of ambrosia
 F - 2 potions of berserk rage
 N - 2 potions of haste {unknown}
 Q - a potion of lignification {unknown}
Miscellaneous
 q - a lightning rod (4/4)
Comestibles
 b - 6 bread rations
 j - 6 meat rations
 l - 17 fruits
 m - a chunk of flesh
 w - 17 royal jellies


   Skills:
 + Level 12.9 Fighting
 + Level 13.9 Axes
 + Level 4.6 Throwing
 - Level 14.5 Dodging
 - Level 8.0 Evocations


You had 13 spell levels left.
You didn't know any spells.

Dungeon Overview and Level Annotations

Branches:
Dungeon (10/15)            Temple (0/1) D:7            Lair (6/6) D:10
  Swamp (0/4) Lair:4       Spider (0/4) Lair:3        Slime (0/5) Lair:5
    Orc: D:9-12

Altars:
Ashenzari
Elyvilon
Ru
Uskayaw
Jiyva

Shops:
D:4 (   D:10 *

Annotations:
Lair:6 Rupert


Innate Abilities, Weirdness & Mutations

You can breathe blasts of scalding, opaque steam.
Your pale cyan-grey scales are hard. (AC +8)
You cannot fit into any form of body armour.
You are cold-blooded and may be slowed by cold attacks.
You have sharp toenails.
Your skin changes colour to match your surroundings (Stealth+).
Your flesh is cold resistant. (rC+)
You are resistant to hostile enchantments. (MR+)
You passively map a small area around you.
Your muscles are strong. (Str +2)
Potions are less effective at restoring your health.


Message History

Rupert hits your deep troll with a great mace of crushing.
The blink frog completely misses you.
Your deep troll bites Rupert!
Your deep troll claws Rupert!!
Your deep troll claws Rupert.
You see here a yak corpse.
You slash Rupert!
Rupert is heavily wounded.
You slash the blink frog!
The blink frog blinks!
Rupert hits you with a great mace of crushing!
* * * LOW HITPOINT WARNING * * *
x2 Your deep troll bites Rupert!!
Your deep troll claws Rupert. x2
The blink frog closely misses you.
You are confused.
Your system partially rejects the healing.
You feel invigorated.
Your skin stops crawling.
You feel less resistant to hostile enchantments.
Your deep troll bites Rupert!!
Your deep troll claws Rupert!
Your deep troll closely misses Rupert.
Rupert hits you with a great mace of crushing!!
You die...

#....###.P.P# #...........
....###.....## #.#.....#...
##<.#........##,.........,
* ##..##.......... .......
, ##.###...#.#.#.. ....#
#..##...###...## #...#
##.....####....####†.# ***
##........#...##.T(..##P.P
##....#.........@@Y.....P..
#.##.............F...###P..
...#..##..##.###.P...# * #
.......#..#..# #######
.#.#..###.#.##
#####......## #..#.####
######


You could see Rupert (berserk), a yak, a blink frog and a friendly deep troll
(berserk).

Vanquished Creatures
  Gastronok (D:8)
  A minotaur (Lab)
  Josephine (Lair:4)
  The ghost of Kenran the Martial Artist, a journeyman OpTm of Gozag (Lair:1)
  Fannar (Lair:1)
  5 hydras
  Harold (Lair:4)
  2 two-headed ogres
  3 death yaks (Lair:6)
  Urug (Lair:3)
  The ghost of theAP the Basher, a novice GrFi of Gozag (D:7)
  4 oklob plants
  5 elephants (Lair:3)
  4 black mambas
  Psyche (D:9)
  8 spiny frogs
  3 komodo dragons (Lair:2)
  A rime drake (Lair:5)
  4 polar bears
  5 hornets
  Prince Ribbit (D:6)
  8 hippogriffs
  13 blink frogs
  2 dream sheep (Lair:6)
  2 wyverns
  3 basilisks
  4 wraiths (Lair:4)
  12 spriggans (Lair:6)
  35 yaks
  4 hungry ghosts (Lab)
  2 soldier ants (D:10)
  5 swamp worms (Lair:4)
  13 porcupines
  7 water moccasins
  2 orc warriors
  4 sky beasts
  2 ice beasts
  2 necrophages
  3 phantoms
  4 boggarts (Lair:6)
  5 black bears
  4 ogres
  18 wolves
  A centaur (D:8)
  11 crocodiles
  2 big kobolds (D:8)
  21 bullfrogs
  An earth elemental (Lab)
  Blork the orc (D:6)
  A gnoll sergeant (D:7)
  2 scorpions
  6 killer bees (D:9)
  8 wights
  2 howler monkeys (D:9)
  2 electric eels
  5 crimson imps
  2 bullfrog zombies
  A jelly (D:6)
  A quasit (D:10)
  A hound (D:7)
  An orc wizard (D:9)
  2 centaur skeletons
  2 orc priests (D:5)
  Crazy Yiuf (D:3)
  A bullfrog skeleton (D:6)
  2 iguanas (D:10)
  2 worker ants
  A howler monkey zombie (D:7)
  A worker ant zombie (D:5)
  15 gnolls
  9 adders
  2 shadow imps (D:7)
  An ooze (D:4)
  2 adder skeletons
  3 worms
  2 dart slugs (D:2)
  7 leopard geckos
  20 orcs
  5 giant cockroaches
  6 goblins
  6 hobgoblins
  3 jackals (D:2)
  3 quokkas
  A ball python (D:4)
  11 bats
  7 frilled lizards
  11 kobolds
  5 rats
  9 plants
417 creatures vanquished.

Vanquished Creatures (others)
  A bush (Lair:6)
  20 fungi
  6 plants
27 creatures vanquished.

Grand Total: 444 creatures vanquished

Notes
Turn   | Place    | Note
-------+----------+-------------------------------------------
     0 | D:1      | grindst0ne the Draconian Berserker began the quest for the Orb.
     0 | D:1      | Reached XP level 1. HP: 19/19 MP: 1/1
   251 | D:1      | Reached XP level 2. HP: 20/26 MP: 2/2
   838 | D:2      | Reached XP level 3. HP: 27/33 MP: 3/3
  1230 | D:2      | Reached ** piety under Trog
  1635 | D:2      | Reached XP level 4. HP: 23/40 MP: 4/4
  2456 | D:2      | Reached skill level 5 in Axes
  2457 | D:2      | Reached XP level 5. HP: 47/47 MP: 5/5
  3289 | D:3      | Found a faded altar of an unknown god.
  3325 | D:3      | Found a runed door.
  3329 | D:3      | Noticed Crazy Yiuf
  3339 | D:3      | Killed Crazy Yiuf
  3339 | D:3      | Reached *** piety under Trog
  3888 | D:4      | Noticed an ogre
  3896 | D:4      | Killed an ogre
  3896 | D:4      | Reached skill level 5 in Fighting
  3896 | D:4      | Reached XP level 6. HP: 56/56 MP: 6/6
  4150 | D:4      | Found Ruwnist's Weapon Emporium.
  4329 | D:5      | Entered Level 5 of the Dungeon
  4334 | D:5      | Gained mutation: You passively map a small area around you. [potion of mutation]
  4334 | D:5      | Gained mutation: Potions are less effective at restoring your health. [potion of mutation]
  4334 | D:5      | Gained mutation: Scrolls take you a little longer to read. [potion of mutation]
  4334 | D:5      | Gained mutation: Your skin changes colour to match your surroundings (Stealth+). [potion of mutation]
  4455 | D:5      | Found a shattered altar of Ashenzari.
  4478 | D:5      | Found a sacrificial altar of Ru.
  4542 | D:5      | Noticed a sky beast
  4542 | D:5      | Noticed an ice beast
  4569 | D:5      | Killed an ice beast
  4575 | D:5      | Killed a sky beast
  4575 | D:5      | Your scales start taking on a pale cyan-grey colour.
  4575 | D:5      | Reached XP level 7. HP: 62/62 MP: 5/7
  4584 | D:5      | Gained mutation: You have very sharp teeth. [mutagenic meat]
  4585 | D:5      | Gained mutation: You have a pair of small horns on your head. [mutagenic meat]
  4586 | D:5      | Gained mutation: Your body sometimes deteriorates upon taking damage. [mutagenic meat]
  4587 | D:5      | Gained mutation: Your mind is acute. (Int +2) [mutagenic meat]
  5018 | D:5      | Found a white marble altar of Elyvilon.
  5179 | D:6      | Noticed Prince Ribbit
  5193 | D:6      | Killed Prince Ribbit
  5193 | D:6      | Reached XP level 8. HP: 73/73 MP: 8/8
  5243 | D:6      | Noticed Blork the orc
  5263 | D:6      | Killed Blork the orc
  5300 | D:6      | Gained mutation: Your body often deteriorates upon taking damage. [mutagenic meat]
  5512 | D:6      | Gained mutation: Your mind is very acute. (Int +4) [mutagenic meat]
  5513 | D:6      | Gained mutation: You are frail. (-10% HP) [mutagenic meat]
  5559 | D:6      | Reached **** piety under Trog
  5564 | D:6      | Lost mutation: You are frail. (-10% HP) [mutagenic meat]
  5565 | D:6      | Lost mutation: Scrolls take you a little longer to read. [mutagenic meat]
  5566 | D:6      | Gained mutation: Your flesh is cold resistant. (rC+) [mutagenic meat]
  5753 | D:7      | Found a staircase to the Ecumenical Temple.
  5832 | D:7      | Found a hide-covered altar of Uskayaw.
  5910 | D:7      | Noticed theAP's ghost (novice GrFi)
  5930 | D:7      | Killed theAP's ghost
  5930 | D:7      | Reached skill level 10 in Axes
  5930 | D:7      | Reached skill level 4 in Dodging
  5930 | D:7      | Reached XP level 9. HP: 82/82 MP: 5/9
  6358 | D:7      | Noticed a two-headed ogre
  6365 | D:7      | Killed a two-headed ogre
  6365 | D:7      | Reached skill level 5 in Dodging
  6582 | D:7      | Reached skill level 6 in Dodging
  6983 | D:8      | Noticed Gastronok
  7234 | D:8      | Killed Gastronok
  7234 | D:8      | Reached skill level 10 in Fighting
  7234 | D:8      | Reached skill level 8 in Dodging
  7234 | D:8      | Reached XP level 10. HP: 93/93 MP: 10/10
  7435 | D:8      | Received a gift from Trog
  7980 | D:9      | Noticed Psyche
  8022 | D:9      | Reached skill level 9 in Dodging
  8027 | D:9      | Noticed a two-headed ogre
  8036 | D:9      | Killed a two-headed ogre
  8076 | D:9      | Reached skill level 11 in Dodging
  8076 | D:9      | Reached XP level 11. HP: 101/101 MP: 11/11
  8077 | D:9      | Reached skill level 12 in Dodging
  8077 | D:9      | Reached XP level 12. HP: 107/107 MP: 12/12
  8170 | D:9      | Killed Psyche
  8737 | D:10     | Entered Level 10 of the Dungeon
  8740 | D:10     | Got a steaming spear
  8749 | D:10     | Identified the +8 spear of the Heavens {pierce, Fragile rElec Dex+2} (You found it on level 10 of the Dungeon)
  8838 | D:10     | Reached ***** piety under Trog
  8892 | D:10     | Found Liuproc's General Store.
  8909 | D:10     | Bought 2 potions of mutation for 192 gold pieces
  8909 | D:10     | Bought a potion of berserk rage for 60 gold pieces
  8909 | D:10     | Lost mutation: You have a pair of small horns on your head. [potion of mutation]
  8909 | D:10     | Lost mutation: You have very sharp teeth. [potion of mutation]
  8909 | D:10     | Lost mutation: Your mind is very acute. (Int +4) [potion of mutation]
  8909 | D:10     | Lost mutation: Your body often deteriorates upon taking damage. [potion of mutation]
  8909 | D:10     | Lost mutation: Your mind is acute. (Int +2) [potion of mutation]
  8909 | D:10     | Gained mutation: You have sharp fingernails. [potion of mutation]
  8909 | D:10     | Gained mutation: You are somewhat resistant to further mutation. [potion of mutation]
  8910 | D:10     | Lost mutation: You passively map a small area around you. [potion of mutation]
  8910 | D:10     | Lost mutation: Your body sometimes deteriorates upon taking damage. [potion of mutation]
  8910 | D:10     | Lost mutation: You are somewhat resistant to further mutation. [potion of mutation]
  8910 | D:10     | Lost mutation: You have sharp fingernails. [potion of mutation]
  8910 | D:10     | Gained mutation: You have sharp toenails. [potion of mutation]
  8910 | D:10     | Gained mutation: You are resistant to hostile enchantments. (MR+) [potion of mutation]
  8910 | D:10     | Gained mutation: Your muscles are strong. (Str +2) [potion of mutation]
  8910 | D:10     | Gained mutation: You passively map a small area around you. [potion of mutation]
  9073 | D:10     | Reached skill level 1 in Evocations
  9284 | D:10     | Found a staircase to the Lair.
  9443 | Lair:1   | Entered Level 1 of the Lair of Beasts
  9457 | Lair:1   | Noticed Kenran's ghost (journeyman OpTm)
  9472 | Lair:1   | Killed Kenran's ghost
  9492 | Lair:1   | Found a labyrinth entrance.
  9501 | Lab      | Entered a labyrinth
  9633 | Lab      | Got a warped brass amulet
  9636 | Lab      | Identified the amulet "Lyciry" {Faith rPois rF- rC+ rN+} (You found it in a labyrinth)
  9774 | Lab      | Reached XP level 13. HP: 114/114 MP: 13/15
  9962 | Lab      | Noticed a minotaur
  9975 | Lab      | Killed a minotaur
  9983 | Lab      | Got an ivory shortbow
  9985 | Lab      | Identified the Volume of Bewitchment
  9989 | Lab      | Got a twisted dagger
 10551 | Lair:1   | Reached skill level 13 in Dodging
 10722 | Lair:1   | Reached skill level 5 in Evocations
 10955 | Lair:1   | Found a shattered altar of Ashenzari.
 10980 | Lair:1   | Noticed Fannar
 10999 | Lair:1   | Killed Fannar
 12127 | Lair:2   | Received a gift from Trog
 13053 | Lair:3   | Noticed Urug
 13079 | Lair:3   | Killed Urug
 14020 | Lair:3   | Found a hole to the Spider Nest.
 14714 | Lair:3   | Received a gift from Trog
 14818 | Lair:4   | Reached skill level 14 in Dodging
 15031 | Lair:4   | Noticed Josephine
 15088 | Lair:4   | Killed Josephine
 15693 | Lair:4   | Found a staircase to the Swamp.
 15693 | Lair:4   | Noticed Harold
 15713 | Lair:4   | Killed Harold
 15713 | Lair:4   | Reached XP level 14. HP: 94/125 MP: 20/20
 16212 | Lair:5   | Reached skill level 1 in Throwing
 16374 | Lair:5   | Found a staircase to the Slime Pits.
 16375 | Lair:5   | Found a viscous altar of Jiyva.
 16859 | Lair:6   | Entered Level 6 of the Lair of Beasts
 17133 | Lair:6   | Noticed Snorg
 17153 | Lair:6   | Noticed Snorg
 17153 | Lair:6   | Snorg changed into Snorg the hippogriff
 17157 | Lair:6   | Killed Snorg the hippogriff
 17619 | Lair:6   | Received a gift from Trog
 18053 | Lair:6   | Got an ichor-stained broad axe {god gift}
 18058 | Lair:6   | Identified the +10 broad axe of Growth {speed, rC+ Str+2 Int+2} (Trog gifted it to you on level 6 of the Lair of Beasts)
 18695 | Lair:6   | Received a gift from Trog
 18696 | Lair:6   | Noticed Rupert
 18712 | Lair:6   | HP: 5/127 [Rupert/great mace of crushing (5)]
 18713 | Lair:6   | Mangled by Rupert

Vault maps used:
D:1:      dpeg_arrival_tiny_a, minmay_tetromino_o4
D:2:      first_bread, st_stairs_12
D:3:      chequers_ecumenical_altar_lobes, uniq_crazy_yiuf_cottage
D:4:      serial_shops, kennysheep_mini_moat, minmay_hedge_maze,
          minmay_misc_feat_doors
D:5:      hangedman_feature_mirror, hangedman_ru_absence
D:6:      uniq_blork_the_orc, uniq_prince_ribbit1
D:7:      kennysheep_mini, temple_statues
D:8:      uniq_gastronok
D:9:      uniq_psyche
D:10:     lair_entry_dummy, serial_shops, nicolae_shop_crystal,
          hangedman_pestilent_swarm
Lair:1:   basic_altar, lab_entry_generic, infiniplex_staircase_pool, uniq_fannar
Lair:2:   beast_lair_carwin_2
Lair:3:   dummy_spider_entry, minmay_lair_oklob_chamber, uniq_urug
Lair:4:   nicolae_swamp_entry_splash_gauntlet, serial_bayou_shore_b,
          uniq_harold, uniq_josephine
Lair:5:   slime_altar_1, nicolae_quartered_pool_super, grunt_megastairs_4
Lair:6:   minmay_lair_end_enchanted_forest, uniq_rupert, uniq_snorg
Lab:      nicolae_lab_dead_adventurers, nicolae_lab_statue, nicolae_lab_plus,
          nicolae_lab_hexagon, nicolae_lab_do_over, nicolae_lab_garden,
          nicolae_lab_dead_end, lab_hedge, nicolae_lab_x, nicolae_lab_lava,
          labyrinth_glass_1, nicolae_lab_starburst

Skill      XL: |  1  2  3  4  5  6  7  8  9 10 11 12 13 14 |
---------------+-------------------------------------------+-----
Axes           | 4 5 6 8 10 11 12 13 | 13.9
Fighting       | 4 5 7 8 10 11 12 | 12.9
Dodging        | 4 8 11 12 14 | 14.5
Evocations     | 3 8 |  8.0
Throwing       | 4 |  4.6

Action                   |  1- 3 |  4- 6 |  7- 9 | 10-12 | 13-15 || total
-------------------------+-------+-------+-------+-------+-------++-------
Melee: Hand axe          |   125 |    91 |       |       |       ||   216
       Tailslap          |    16 |    21 |    40 |    55 |   184 ||   316
       Flail             |       |    95 |   182 |   147 |       ||   424
       Bite              |       |       |    26 |    22 |       ||    48
       Headbutt          |       |       |    52 |    41 |       ||    93
       Spear             |       |       |       |   134 |   662 ||   796
       Broad axe         |       |       |       |       |   130 ||   130
       Battleaxe         |       |       |       |       |    85 ||    85
Throw: Throwing net      |       |       |       |       |     2 ||     2
Invok: Berserk           |       |     4 |    10 |     7 |    17 ||    38
       Trog's Hand       |       |       |     1 |       |     5 ||     6
       Burn Spellbooks   |       |       |       |       |     5 ||     5
       Brothers in Arms  |       |       |       |       |     2 ||     2
 Abil: Breathe Steam     |       |       |       |       |    10 ||    10
Evoke: Wand              |       |       |       |       |    21 ||    21
  Use: Scroll            |       |    10 |       |    11 |    10 ||    31
       Potion            |       |     1 |       |     4 |     7 ||    12
 Stab: Distracted        |       |     1 |       |       |       ||     1
       Sleeping          |       |       |       |     2 |     3 ||     5
  Eat: Chunk             |     2 |    13 |    24 |    10 |    37 ||    86
       Bread ration      |       |       |     1 |       |       ||     1
       Fruit             |       |       |     1 |       |       ||     1
       Meat ration       |       |       |       |     1 |     2 ||     3
       Royal jelly       |       |       |       |     1 |     1 ||     2
Armor: Skin              |    56 |    80 |    66 |    79 |   147 ||   428
Dodge: Dodged            |   135 |   135 |   111 |   273 |   785 ||  1439
